TOP OF THE 1ST |
Irvine Gang Green batting - Pitching for Austin River Sharks : LHP Walter Bamber
|
Pitching: LHP Walter Bamber
|
|
Batting: LHB Leonardo Medina
|
0-0: Swinging Strike 0-1: Foul Ball, location: 2F 0-2: Ball 1-2: SINGLE (Line Drive, 4MD)
|
Batting: RHB Pepe González
|
0-0: Foul Ball, location: 2F 0-1: SINGLE (Flyball, 6MD) Leonardo Medina to second Runner from 2nd tries for 3rd, SAFE, throw made to third Pepe González to second
|
Batting: RHB Buck Jones
|
0-0: Called Strike 0-1: Ball 1-1: Fly out, F8 (Flyball, 8LXD) Runner from 3rd tags up, SCORES, no throw
|
Batting: LHB Víctor Quiñones
|
0-0: Ball 1-0: Ball 2-0: Called Strike 2-1: Foul Ball, location: 2F 2-2: Foul Ball, location: 2F 2-2: Ball 3-2: DOUBLE (Line Drive, 9LM) Pepe González scores
|
Batting: LHB Bill Murphy
|
0-0: Called Strike 0-1: Ball 1-1: Ground out 4-3 (Groundball, 4MS) Víctor Quiñones to third
|
Batting: LHB Tom Baker
|
0-0: Ball 1-0: Called Strike 1-1: Ball 2-1: Foul Ball, location: 2F 2-2: Foul Ball, location: 2F 2-2: SINGLE (Line Drive, 6MD) Víctor Quiñones scores
|
Batting: LHB Tony Tavárez
|
0-0: Swinging Strike 0-1: Called Strike Pickoff Throw to First - Out!
|
Top of the 1st over - 3 run(s), 4 hit(s), 0 error(s), 0 left on base; Irvine 3 - Austin 0 |
BOTTOM OF THE 1ST |
Austin River Sharks batting - Pitching for Irvine Gang Green : RHP Takehide Ono
|
Pitching: RHP Takehide Ono
|
|
Batting: RHB Tyler Wagner
|
0-0: Swinging Strike 0-1: Foul Ball, location: 2F 0-2: Ball 1-2: Foul Ball, location: 2F 1-2: Ball 2-2: Strikes out looking
|
Batting: SHB Juan Castro
|
0-0: Called Strike 0-1: Swinging Strike 0-2: Strikes out swinging
|
Batting: LHB Roberto García
|
0-0: Ball 1-0: Ball 2-0: Swinging Strike 2-1: Fly out, F8 (Flyball, 8LM)
|
Bottom of the 1st over - 0 run(s), 0 hit(s), 0 error(s), 0 left on base; Irvine 3 - Austin 0 |
TOP OF THE 2ND |
Irvine Gang Green batting - Pitching for Austin River Sharks : LHP Walter Bamber
|
Batting: LHB Tony Tavárez
|
0-0: Ball 1-0: Ball 2-0: Called Strike 2-1: Ground out U3 (Groundball, 3S)
|
Batting: SHB Adrián Ramírez
|
0-0: Ball 1-0: Ground out 3-1 (Groundball, 34)
|
Batting: RHB José Salazar
|
0-0: Foul Ball, location: 2F 0-1: Foul Ball, location: 2F 0-2: Ball 1-2: Foul Ball, location: 2F 1-2: Ball 2-2: Ball 3-2: Foul Ball, location: 2F 3-2: Ground out 6-3 (Groundball, 6M)
|
Top of the 2nd over - 0 run(s), 0 hit(s), 0 error(s), 0 left on base; Irvine 3 - Austin 0 |
BOTTOM OF THE 2ND |
Austin River Sharks batting - Pitching for Irvine Gang Green : RHP Takehide Ono
|
Batting: RHB José Balina
|
0-0: Called Strike 0-1: Foul Ball, location: 2F 0-2: Ball 1-2: Ground out U3 (Groundball, 3S)
|
Batting: LHB Pedro Zaragoza
|
0-0: Called Strike 0-1: Swinging Strike 0-2: Strikes out looking
|
Batting: RHB Rich Ruffin
|
0-0: Called Strike 0-1: Foul Ball, location: 2F 0-2: Ball 1-2: Ball 2-2: Strikes out swinging
|
Bottom of the 2nd over - 0 run(s), 0 hit(s), 0 error(s), 0 left on base; Irvine 3 - Austin 0 |
TOP OF THE 3RD |
Irvine Gang Green batting - Pitching for Austin River Sharks : LHP Walter Bamber
|
Batting: LHB Leonardo Medina
|
0-0: Ball 1-0: Called Strike 1-1: Ball 2-1: Ball 3-1: Base on Balls
|
Batting: RHB Pepe González
|
0-0: Called Strike Leonardo Medina steals 2nd base 0-1: Ball 1-1: Ball 2-1: Foul Ball, location: 2F 2-2: Foul Ball, location: 2F 2-2: Ground out 1-3 (Groundball, 13) Leonardo Medina to third
|
Batting: RHB Buck Jones
|
0-0: Ball 1-0: Ground out 5-3 (Groundball, 5L)
|
Batting: LHB Víctor Quiñones
|
0-0: Called Strike 0-1: Ball 1-1: Foul Ball, location: 2F 1-2: Strikes out swinging
|
Top of the 3rd over - 0 run(s), 0 hit(s), 0 error(s), 1 left on base; Irvine 3 - Austin 0 |
BOTTOM OF THE 3RD |
Austin River Sharks batting - Pitching for Irvine Gang Green : RHP Takehide Ono
|
Batting: RHB Kenneth Roberts
|
0-0: Ball 1-0: Ball 2-0: Ball 3-0: Called Strike 3-1: Called Strike 3-2: SINGLE (Line Drive, 8LS)
|
Batting: LHB Terry Maloney
|
0-0: Called Strike 0-1: Foul Ball, location: 2F 0-2: Ball 1-2: Ball 2-2: SINGLE (Line Drive, 6D) Kenneth Roberts to second
|
Batting: RHB Hidetada Kichida
|
0-0: Called Strike 0-1: Ground out 5-3 (Groundball, 5S) Kenneth Roberts to third Terry Maloney to second
|
Batting: RHB Tyler Wagner
|
0-0: Foul Ball, location: 2F 0-1: Ball 1-1: Ball 2-1: Swinging Strike 2-2: Ground out 5-3 (Groundball, 56S) Kenneth Roberts scores Terry Maloney to third
|
Batting: SHB Juan Castro
|
0-0: Called Strike 0-1: Ball 1-1: Fly out, F9 (Popup, 9M)
|
Bottom of the 3rd over - 1 run(s), 2 hit(s), 0 error(s), 1 left on base; Irvine 3 - Austin 1 |
TOP OF THE 4TH |
Irvine Gang Green batting - Pitching for Austin River Sharks : LHP Walter Bamber
|
Batting: LHB Bill Murphy
|
0-0: Swinging Strike 0-1: Swinging Strike 0-2: Foul Ball, location: 2F 0-2: Ball 1-2: Ground out U3 (Groundball, 3)
|
Batting: LHB Tom Baker
|
0-0: Swinging Strike 0-1: Foul Ball, location: 2F 0-2: Ball 1-2: Ground out U3 (Groundball, 3)
|
Batting: LHB Tony Tavárez
|
0-0: Ball 1-0: Called Strike 1-1: Ball 2-1: Foul Ball, location: 2F 2-2: DOUBLE (Flyball, 9LS)
|
Batting: SHB Adrián Ramírez
|
0-0: Swinging Strike 0-1: Ball 1-1: Ball 2-1: SINGLE (Flyball, 8RS) Tony Tavárez to third Runner from 3rd tries for Home, SAFE, no throw or cutoff
|
Batting: RHB José Salazar
|
0-0: Fly out, F8 (Flyball, 78D)
|
Top of the 4th over - 1 run(s), 2 hit(s), 0 error(s), 1 left on base; Irvine 4 - Austin 1 |
BOTTOM OF THE 4TH |
Austin River Sharks batting - Pitching for Irvine Gang Green : RHP Takehide Ono
|
Batting: LHB Roberto García
|
0-0: Ball 1-0: Called Strike 1-1: Ball 2-1: Called Strike 2-2: Foul Ball, location: 2F 2-2: SINGLE (Groundball, 4MD)
|
Batting: RHB José Balina
|
0-0: Called Strike 0-1: Called Strike 0-2: Strikes out swinging
|
Batting: LHB Pedro Zaragoza
|
0-0: Grounds into double play, 4-6-3 (Groundball, 4)
|
Bottom of the 4th over - 0 run(s), 1 hit(s), 0 error(s), 0 left on base; Irvine 4 - Austin 1 |
TOP OF THE 5TH |
Irvine Gang Green batting - Pitching for Austin River Sharks : LHP Walter Bamber
|
Batting: LHB Leonardo Medina
|
0-0: Ball 1-0: Ball 2-0: Called Strike 2-1: Foul Ball, location: 2F 2-2: Foul Ball, location: 2F 2-2: Fly out, F9 (Flyball, 9S)
|
Batting: RHB Pepe González
|
0-0: Foul Ball, location: 2F 0-1: SINGLE (Line Drive, 78M)
|
Pitching: RHP Ramón Estrada
|
|
Batting: RHB Buck Jones
|
0-0: Ball 1-0: Swinging Strike 1-1: Ball 2-1: SINGLE (Groundball, 56D) Pepe González to second
|
Batting: LHB Víctor Quiñones
|
0-0: Ball 1-0: Called Strike 1-1: Swinging Strike 1-2: Ball Passed Ball! Pepe González to third Buck Jones to second 2-2: Foul Ball, location: 2F 2-2: Foul Ball, location: 2F 2-2: 3-RUN HOME RUN (Flyball, 9D), Distance : 411 ft
|
Batting: LHB Bill Murphy
|
0-0: Called Strike 0-1: SINGLE (Groundball, 4MD)
|
Batting: LHB Tom Baker
|
0-0: Ball 1-0: Fly out, F7 (Flyball, 7LM)
|
Batting: LHB Tony Tavárez
|
0-0: Called Strike 0-1: Ball 1-1: Foul Ball, location: 2F 1-2: Strikes out swinging
|
Top of the 5th over - 3 run(s), 4 hit(s), 0 error(s), 1 left on base; Irvine 7 - Austin 1 |
BOTTOM OF THE 5TH |
Austin River Sharks batting - Pitching for Irvine Gang Green : RHP Takehide Ono
|
Batting: RHB Rich Ruffin
|
0-0: Ball 1-0: Ball 2-0: Ball 3-0: Base on Balls
|
Batting: RHB Kenneth Roberts
|
0-0: DOUBLE (Line Drive, 6MD) Rich Ruffin to third
|
Batting: LHB Terry Maloney
|
0-0: Swinging Strike 0-1: Ball 1-1: Ball 2-1: Foul Ball, location: 2F 2-2: Strikes out looking
|
Batting: RHB Hidetada Kichida
|
0-0: Called Strike 0-1: Ball 1-1: Called Strike 1-2: Foul Ball, location: 2F 1-2: Ball 2-2: Strikes out swinging
|
Batting: RHB Tyler Wagner
|
0-0: Fly out, F9 (Flyball, 89M)
|
Bottom of the 5th over - 0 run(s), 1 hit(s), 0 error(s), 2 left on base; Irvine 7 - Austin 1 |
TOP OF THE 6TH |
Irvine Gang Green batting - Pitching for Austin River Sharks : RHP Ramón Estrada
|
Batting: SHB Adrián Ramírez
|
0-0: Ball 1-0: Called Strike 1-1: Foul Ball, location: 2F 1-2: Fly out, F8 (Flyball, 8LM)
|
Batting: RHB José Salazar
|
0-0: Foul Ball, location: 2F 0-1: Ball 1-1: Fly out, F9 (Flyball, 89M)
|
Batting: LHB Leonardo Medina
|
0-0: Foul Ball, location: 2F 0-1: Called Strike 0-2: Ground out U3 (Groundball, 3)
|
Top of the 6th over - 0 run(s), 0 hit(s), 0 error(s), 0 left on base; Irvine 7 - Austin 1 |
BOTTOM OF THE 6TH |
Austin River Sharks batting - Pitching for Irvine Gang Green : RHP Takehide Ono
|
Batting: SHB Juan Castro
|
0-0: Ball 1-0: Ball 2-0: Swinging Strike 2-1: Ball 3-1: Foul Ball, location: 2F 3-2: Foul Ball, location: 2F 3-2: Foul Ball, location: 2F 3-2: Base on Balls
|
Batting: LHB Roberto García
|
0-0: Called Strike 0-1: Called Strike 0-2: Fly out, F8 (Flyball, 89D)
|
Batting: RHB José Balina
|
0-0: Ball 1-0: Grounds into double play, 4-6-3 (Groundball, 4)
|
Bottom of the 6th over - 0 run(s), 0 hit(s), 0 error(s), 0 left on base; Irvine 7 - Austin 1 |
TOP OF THE 7TH |
Irvine Gang Green batting - Pitching for Austin River Sharks : RHP Ramón Estrada
|
Batting: RHB Pepe González
|
0-0: Called Strike 0-1: Ball 1-1: Called Strike 1-2: Ground out 6-3 (Groundball, 6M)
|
Pitching: RHP Daniel Morris
|
|
Batting: RHB Buck Jones
|
0-0: Called Strike 0-1: Fly out, F4 (Popup, 4M)
|
Batting: LHB Víctor Quiñones
|
0-0: Ball 1-0: Swinging Strike 1-1: DOUBLE (Groundball, 3L)
|
Batting: LHB Bill Murphy
|
0-0: Ball 1-0: Ball 2-0: SINGLE (Groundball, 56D) Víctor Quiñones to third Runner from 3rd tries for Home, SAFE, throw made home
|
Batting: LHB Tom Baker
|
Pickoff Throw to First - Out!
|
Top of the 7th over - 1 run(s), 2 hit(s), 0 error(s), 0 left on base; Irvine 8 - Austin 1 |
BOTTOM OF THE 7TH |
Austin River Sharks batting - Pitching for Irvine Gang Green : RHP Takehide Ono
|
Batting: LHB Pedro Zaragoza
|
0-0: Called Strike 0-1: Foul Ball, location: 2F 0-2: Ball 1-2: Ball 2-2: SINGLE (Line Drive, 56D)
|
Batting: RHB Rich Ruffin
|
0-0: SINGLE (Groundball, 4MD) Pedro Zaragoza to second Runner from 2nd tries for 3rd, SAFE, throw made to third Rich Ruffin to second
|
Batting: RHB Kenneth Roberts
|
0-0: Called Strike 0-1: Called Strike 0-2: Ball 1-2: Ball 2-2: Fly out, F7 (Flyball, 7D) Runner from 3rd tags up, SCORES, no throw
|
Batting: LHB Terry Maloney
|
0-0: Ball 1-0: Foul Ball, location: 2F 1-1: Called Strike 1-2: Strikes out swinging
|
Pitching: RHP Robert Powers
|
|
Batting: RHB Hidetada Kichida
|
0-0: Called Strike 0-1: Ball 1-1: Ball 2-1: Swinging Strike 2-2: Ground out 4-3 (Groundball, 4MD)
|
Bottom of the 7th over - 1 run(s), 2 hit(s), 0 error(s), 1 left on base; Irvine 8 - Austin 2 |
TOP OF THE 8TH |
Irvine Gang Green batting - Pitching for Austin River Sharks : RHP Daniel Morris
|
Batting: LHB Tom Baker
|
0-0: Fly out, F9 (Line Drive, 89S)
|
Batting: LHB Tony Tavárez
|
0-0: Ground out 4-3 (Groundball, 4)
|
Batting: SHB Adrián Ramírez
|
0-0: Ball 1-0: Ground out 6-3 (Groundball, 6)
|
Top of the 8th over - 0 run(s), 0 hit(s), 0 error(s), 0 left on base; Irvine 8 - Austin 2 |
BOTTOM OF THE 8TH |
Austin River Sharks batting - Pitching for Irvine Gang Green : RHP Robert Powers
|
Batting: RHB Tyler Wagner
|
0-0: Ball 1-0: Ball 2-0: Called Strike 2-1: Swinging Strike 2-2: Strikes out swinging
|
Batting: SHB Juan Castro
|
0-0: Bunted foul 0-1: Fly out, F9 (Flyball, 89D)
|
Batting: LHB Roberto García
|
0-0: Called Strike 0-1: Foul Ball, location: 2F 0-2: Ground out 1-3 (Groundball, 23)
|
Bottom of the 8th over - 0 run(s), 0 hit(s), 0 error(s), 0 left on base; Irvine 8 - Austin 2 |
TOP OF THE 9TH |
Irvine Gang Green batting - Pitching for Austin River Sharks : RHP Daniel Morris
|
Pitching: LHP Miguel Martínez
|
|
Batting: RHB José Salazar
|
0-0: Called Strike 0-1: Ball 1-1: Ball 2-1: Ball 3-1: Fly out, F3 (Popup, 3F)
|
Batting: LHB Leonardo Medina
|
0-0: Foul Ball, location: 2F 0-1: Swinging Strike 0-2: Ground out 4-3 (Groundball, 4)
|
Batting: RHB Pepe González
|
0-0: Called Strike 0-1: Ball 1-1: Foul Ball, location: 2F 1-2: Ball 2-2: Foul Ball, location: 2F 2-2: Ball 3-2: Base on Balls
|
Batting: RHB Buck Jones
|
0-0: Ball 1-0: Swinging Strike 1-1: DOUBLE (Line Drive, 8RS) Pepe González to third Runner from 3rd tries for Home, SAFE, no throw or cutoff
|
Batting: LHB Víctor Quiñones
|
0-0: Swinging Strike 0-1: SINGLE (Line Drive, 34) Buck Jones to third Runner from 3rd tries for Home, SAFE, no throw or cutoff
|
Batting: LHB Bill Murphy
|
0-0: Ball 1-0: Ball 2-0: Ball 3-0: Called Strike 3-1: Called Strike 3-2: Strikes out looking
|
Top of the 9th over - 2 run(s), 2 hit(s), 0 error(s), 1 left on base; Irvine 10 - Austin 2 |
BOTTOM OF THE 9TH |
Austin River Sharks batting - Pitching for Irvine Gang Green : RHP Robert Powers
|
Batting: RHB José Balina
|
0-0: Ball 1-0: Ball 2-0: Ball 3-0: Base on Balls
|
Batting: LHB Pedro Zaragoza
|
0-0: Grounds into double play, 6-4-3 (Groundball, 6)
|
Batting: RHB Rich Ruffin
|
0-0: SOLO HOME RUN (Flyball, 9D), Distance : 404 ft
|
Batting: RHB Kenneth Roberts
|
0-0: Called Strike 0-1: Called Strike 0-2: Ball 1-2: Strikes out looking
|
Bottom of the 9th over - 1 run(s), 1 hit(s), 0 error(s), 0 left on base; Irvine 10 - Austin 3 |
|